 Dungeon Crawl Stone Soup version 0.20.1-1-g8b1a95d (console) character file.

16009 hilaritas the Fighter (level 12, -6/116 HPs)
             Began as a Deep Dwarf Monk on Feb 18, 2018.
             Was an Elder of Makhleb.
             Mangled by a hog (7 damage)
             ... led by Kirke
             ... on level 12 of the Dungeon.
             The game lasted 00:36:00 (9404 turns).

hilaritas the Fighter (Deep Dwarf Monk)             Turns: 9404, Time: 00:36:01

Health: -6/116     AC:  0    Str: 19    XL:     12   Next: 6%
Magic:  12/12      EV: 22    Int: 12    God:    Makhleb [****..]
Gold:   541        SH:  0    Dex: 15    Spells: 5/11 levels left

rFire    . . .     SeeInvis .   (weapon currently unavailable)
rCold    . . .     Gourm    .   (shield currently unavailable)
rNeg     . . .     Faith    .   (armour currently unavailable)
rPois    .         Spirit   .   (helmet currently unavailable)
rElec    .         Reflect  .   (cloak currently unavailable)
rCorr    .         Harm     +   (gloves currently unavailable)
MR       +....                  (boots currently unavailable)
Stlth    ++++......             D - amulet of harm
Regen    0.0/turn               (ring currently unavailable)
MPRegen  0.2/turn               (ring currently unavailable)

@: pig-form, non-regenerating, very quick
A: damage resistance, heal wounds, sense surroundings 2, no regeneration
a: Heal Wounds, Minor Destruction, Lesser Servant of Makhleb, Major Destruction,
Renounce Religion


You were on level 12 of the Dungeon.
You worshipped Makhleb.
Makhleb was greatly pleased with you.
You were not hungry.
You were a filthy swine.
You visited 2 branches of the dungeon, and saw 13 of its levels.

You collected 541 gold pieces.

Inventory:

Hand Weapons
 x - a +1 great sword (melded)
 K - a +1 scimitar of flaming
Missiles
 a - 2 silver tomahawks
 l - 8 tomahawks (quivered)
 H - 20 bolts
Armour
 e - a +2 pair of gloves (melded)
 t - the +1 ring mail "Jucogoaq" {Regen+ Int+3 Dex+5}
   (You found it on level 4 of the Dungeon)

   It affects your intelligence (+3).
   It affects your dexterity (+5).
   It increases your rate of regeneration.
 y - a +0 cloak (melded)
 A - a +2 hat (melded)
 E - the cursed +0 ring mail "Kygus" (melded) {rF+ rN+ Regen+}
   (You found it on level 7 of the Dungeon)

   It protects you from fire.
   It protects you from negative energy.
   It increases your rate of regeneration.
   It has a curse placed upon it.
 G - a +0 pair of boots (melded)
 M - a +2 large shield of protection
Jewellery
 d - an uncursed ring of fire
 g - a ring of protection from fire (melded)
 i - a ring of resist corrosion (melded)
 D - an amulet of harm (around neck)
Wands
 r - a wand of random effects (28/48)
 I - a wand of iceblast (3/15)
 J - a wand of scattershot (0/9)
 L - a wand of clouds (3/9)
 P - a wand of digging (17/24)
Scrolls
 h - 6 scrolls of remove curse
 j - 3 scrolls of recharging
 q - a scroll of amnesia
 u - 7 scrolls of teleportation
 w - 2 scrolls of fog
 z - a scroll of enchant weapon
 F - 2 scrolls of fear
 O - a scroll of magic mapping
 Q - a scroll of holy word
Potions
 k - 2 potions of mutation
 m - 3 potions of cancellation
 n - a potion of agility {unknown}
 s - 2 potions of curing
 v - a potion of flight {unknown}
 B - 3 potions of invisibility
 C - 2 potions of might {unknown}
 N - a potion of haste {unknown}
Comestibles
 b - 6 royal jellies
 c - 8 bread rations
 f - 8 chunks of flesh
 o - 2 fruits
 p - 6 meat rations


   Skills:
 - Level 10.1 Fighting
 - Level 10.0 Long Blades
 * Level 5.1 Armour
 - Level 10.0 Dodging
 - Level 9.0 Stealth
 * Level 3.8 Necromancy
 * Level 8.2 Invocations


You had 5 spell levels left.
You knew the following spells:

 Your Spells              Type           Power        Failure   Level  Hunger
a - Vampiric Draining     Necr           #.........   21%         3    ####...
b - Ozocubu's Armour      Chrm/Ice       #.......     69%         3    ####...


Dungeon Overview and Level Annotations

Branches:
Dungeon (12/15)            Temple (1/1) D:6            Lair (0/6) D:10
    Orc (0/2) D:11

Altars:
Cheibriados
Dithmenos
Fedhas
Gozag
Makhleb
Nemelex Xobeh
Okawaru
Qazlal
Ru
Sif Muna
Uskayaw
Xom
Yredelemnul
Zin
The Shining One

Annotations:
D:12 Kirke


Innate Abilities, Weirdness & Mutations

You are resistant to damage.
You can heal yourself by infusing magical energy.
You passively map the area around you.
You do not regenerate.


Message History

You can no longer summon a greater servant of Makhleb.
The hog completely misses you. The hog closely misses you. Something hits you!
Unknown command.
You bite something! The hog bites you.
* * * LOW HITPOINT WARNING * * *
The hog barely misses you.
You hear some strange, mumbled words.
Something tries to affect you, but you resist.
Unknown command.
You hit something. The hog completely misses you.
Your orange demon barely misses the hog.
The hog bites you.
* * * LOW HITPOINT WARNING * * *
Something hits you!
* * * LOW HITPOINT WARNING * * *
Unknown command.
You bite something! The hog bites you. The hog misses you.
Your orange demon stings the hog from afar.
The hog bites you!
You die...

* , * ## * .# *** * * .. *
* .# * ,, , , , ... ,,
.######## * ### *....,
.)....... . ##h#####.#.. *
* * .......## ,
#.#hh{4....... ,
.#####.###.##.#........#..
*
............(.............,
* *
........§§§§..............,
.##.....§§§§..............
,
....##.##§§#..............,
,
.........§................,
, ,
....##.##..#......##....#.
,
....##.##..#..............
,,
...........#......##....#.


You could see 2 hogs and a friendly orange demon.

Vanquished Creatures
  The ghost of hilaritas the Evangelist, a journeyman HOFi of Beogh (D:10)
  A catoblepas (D:9)
  4 two-headed ogres
  Nergalle (D:11)
  A glowing orange brain (D:9)
  4 unseen horrors
  An orc knight (D:9)
  An ugly thing (D:11)
  An efreet (D:9)
  A troll (D:11)
  The ghost of hilaritas the Slasher, an amateur GrMo (D:4)
  A hippogriff (D:9)
  4 yaks (D:9)
  A hog (D:12)
  2 hungry ghosts (D:9)
  Edmund (D:4)
  A water moccasin (D:10)
  A soldier ant (D:11)
  2 sky beasts (D:9)
  3 orc warriors
  A hornet zombie (D:9)
  3 ogres
  2 phantoms
  3 ice beasts
  A black bear (D:7)
  A boggart (D:9)
  8 necrophages
  An eye of draining (shapeshifter) (D:9)
  3 centaurs
  A crocodile (D:12)
  2 big kobolds
  3 bullfrogs
  A gnoll sergeant (D:11)
  A wyvern skeleton (D:7)
  4 scorpions
  9 killer bees
  4 howler monkeys
  A bullfrog zombie (D:12)
  6 crimson imps
  2 quasits
  6 hounds
  Crazy Yiuf (D:5)
  2 jellies
  3 orc priests
  2 bullfrog skeletons
  An iguana (D:4)
  6 worker ants
  7 orc wizards
  A killer bee zombie (D:8)
  2 hound zombies
  A howler monkey zombie (D:10)
  5 gnolls (D:11)
  8 adders
  A shadow imp (D:9)
  An ooze (D:4)
  3 adder skeletons
  2 adder zombies
  3 dart slugs
  A worm (D:2)
  6 leopard geckos
  36 orcs
  A ball python (D:4)
  6 giant cockroaches
  9 goblins
  5 hobgoblins
  6 jackals
  15 kobolds
  4 quokkas
  9 bats
  2 frilled lizards
  8 rats
  A bush (D:6)
254 creatures vanquished.

Vanquished Creatures (collateral kills)
  A hydra (D:9)
  Sonja (D:11)
  The ghost of hilaritas the Gouger, a novice FeBe of Trog (D:11)
  A big kobold (D:10)
  An orc wizard (D:11)
  An iguana (D:10)
  An orc (D:11)
  5 kobolds (D:10)
12 creatures vanquished.

Vanquished Creatures (others)
  A worker ant (D:4)
  3 plants (D:6)
4 creatures vanquished.

Grand Total: 270 creatures vanquished

Notes
Turn   | Place    | Note
-------+----------+-------------------------------------------
     0 | D:1      | hilaritas the Deep Dwarf Monk began the quest for the Orb.
     0 | D:1      | Reached XP level 1. HP: 20/20 MP: 1/1
   238 | D:1      | Reached XP level 2. HP: 21/27 MP: 2/2
   884 | D:2      | Reached XP level 3. HP: 17/33 MP: 3/3
  1138 | D:2      | Found a stormy altar of Qazlal.
  1141 | D:2      | Found a glowing silver altar of Zin.
  1144 | D:2      | Found a shadowy altar of Dithmenos.
  1428 | D:3      | Reached XP level 4. HP: 10/40 MP: 4/4
  1733 | D:3      | Reached skill level 5 in Long Blades
  1733 | D:3      | Reached XP level 5. HP: 38/49 MP: 4/4
  1884 | D:3      | Found a snail-covered altar of Cheibriados.
  2056 | D:4      | Noticed Edmund
  2103 | D:4      | Killed Edmund
  2103 | D:4      | Reached XP level 6. HP: 22/56 MP: 5/5
  2163 | D:4      | Got a warped ring mail
  2174 | D:4      | Identified the +1 ring mail "Jucogoaq" {Regen+ Int+3 Dex+5} (You found it on level 4 of the Dungeon)
  2252 | D:4      | Found a stormy altar of Qazlal.
  2523 | D:4      | Noticed hilaritas's ghost (amateur GrMo)
  2568 | D:4      | Killed hilaritas's ghost
  2568 | D:4      | Reached XP level 7. HP: 21/62 MP: 5/5
  2767 | D:5      | Entered Level 5 of the Dungeon
  3148 | D:5      | Found a shimmering altar of Xom.
  3155 | D:5      | Found a shimmering altar of Xom.
  3155 | D:5      | Found a shimmering altar of Xom.
  3155 | D:5      | Found a shimmering altar of Xom.
  3163 | D:5      | Found a shimmering altar of Xom.
  3169 | D:5      | Found a shimmering altar of Xom.
  3169 | D:5      | Found a shimmering altar of Xom.
  3170 | D:5      | Found a shimmering altar of Xom.
  3275 | D:5      | Found a runed door.
  3498 | D:5      | Found a blossoming altar of Fedhas.
  3577 | D:5      | Noticed Crazy Yiuf
  3582 | D:5      | Killed Crazy Yiuf
  3655 | D:6      | Reached skill level 5 in Stealth
  3808 | D:6      | Found a staircase to the Ecumenical Temple.
  3818 | Temple   | Entered the Ecumenical Temple
  3915 | Temple   | Became a worshipper of Makhleb the Destroyer
  3915 | Temple   | Reached * piety under Makhleb
  3915 | Temple   | Reached ** piety under Makhleb
  4286 | D:6      | Reached skill level 1 in Invocations
  4286 | D:6      | Reached XP level 8. HP: 44/72 MP: 4/4
  4334 | D:6      | Found a blossoming altar of Fedhas.
  4568 | D:7      | Reached skill level 10 in Long Blades
  4739 | D:7      | Found a deep blue altar of Sif Muna.
  4804 | D:7      | Gained mutation: You passively map the area around you. [Deep Dwarf growth]
  4804 | D:7      | Reached XP level 9. HP: 39/79 MP: 7/7
  5231 | D:7      | Reached skill level 5 in Fighting
  5363 | D:7      | Got a bloodstained ring mail
  5374 | D:7      | Identified the cursed +0 ring mail "Kygus" {rF+ rN+ Regen+} (You found it on level 7 of the Dungeon)
  5721 | D:8      | Reached *** piety under Makhleb
  6138 | D:8      | Found a sparkling altar of Nemelex Xobeh.
  6941 | D:9      | Reached skill level 5 in Dodging
  6941 | D:9      | Reached skill level 5 in Invocations
  7016 | D:9      | Noticed an efreet
  7039 | D:9      | Killed an efreet
  7039 | D:9      | Reached XP level 10. HP: 79/92 MP: 9/9
  7372 | D:9      | Noticed a glowing orange brain
  7372 | D:9      | Noticed an eight-headed hydra
  7387 | D:9      | Killed a five-headed hydra
  7396 | D:9      | Killed a glowing orange brain
  7412 | D:9      | Reached **** piety under Makhleb
  7413 | D:9      | Noticed a catoblepas
  7414 | D:9      | Noticed an orc knight
  7419 | D:9      | Killed a catoblepas
  7425 | D:9      | Killed an orc knight
  7450 | D:9      | Learned a level 3 spell: Vampiric Draining
  7508 | D:10     | Entered Level 10 of the Dungeon
  7561 | D:10     | HP: 5/99 [something (6)]
  7611 | D:10     | Killed an unseen horror
  7611 | D:10     | Reached XP level 11. HP: 37/106 MP: 10/12
  7676 | D:10     | Reached skill level 1 in Necromancy
  8014 | D:10     | Found a staircase to the Lair.
  8041 | D:10     | Noticed a two-headed ogre
  8059 | D:10     | Killed a two-headed ogre
  8128 | D:10     | Noticed hilaritas's ghost (journeyman HOFi)
  8143 | D:10     | Killed hilaritas's ghost
  8315 | D:10     | Noticed a two-headed ogre
  8323 | D:10     | Killed a two-headed ogre
  8323 | D:10     | Reached skill level 10 in Fighting
  8420 | D:11     | Noticed Sonja
  8429 | D:11     | Killed Sonja
  8434 | D:11     | Noticed hilaritas's ghost (novice FeBe)
  8448 | D:11     | HP: 1/108 [hilaritas's ghost (35)]
  8449 | D:11     | Killed hilaritas's ghost
  8449 | D:11     | Reached skill level 1 in Armour
  8607 | D:11     | Learned a level 3 spell: Ozocubu's Armour
  8671 | D:11     | Noticed Nergalle
  8680 | D:11     | Killed Nergalle
  8848 | D:11     | Killed an unseen horror
  8911 | D:11     | Found a staircase to the Orcish Mines.
  9019 | D:11     | Killed an unseen horror
  9019 | D:11     | Reached ***** piety under Makhleb
  9025 | D:11     | Noticed a purple ugly thing
  9031 | D:11     | HP: 4/108 [purple ugly thing (18)]
  9036 | D:11     | Killed a purple ugly thing
  9119 | D:12     | Noticed a two-headed ogre
  9127 | D:12     | Killed a two-headed ogre
  9252 | D:12     | Killed an unseen horror
  9252 | D:12     | Reached skill level 10 in Dodging
  9323 | D:12     | Noticed a two-headed ogre
  9329 | D:12     | Killed a two-headed ogre
  9329 | D:12     | Reached skill level 5 in Armour
  9329 | D:12     | Reached XP level 12. HP: 63/116 MP: 12/12
  9386 | D:12     | Noticed Kirke
  9403 | D:12     | HP: 1/116 [something (14)]
  9404 | D:12     | Mangled by a hog

Skill      XL: |  1  2  3  4  5  6  7  8  9 10 11 |
---------------+----------------------------------+-----
Stealth        | 3 4 5 6 8 9 |  9.0
Long Blades    | 4 5 6 7 8 10 | 10.0
Fighting       | 3 4 6 9 10 | 10.1
Invocations    | 1 3 5 6 8 |  8.2
Dodging        | 5 7 10 | 10.0
Necromancy     | 3 |  3.8
Armour         | 5 |  5.1

Action                   |  1- 3 |  4- 6 |  7- 9 | 10-12 || total
-------------------------+-------+-------+-------+-------++-------
Melee: Falchion          |   143 |   233 |    61 |       ||   437
       Great sword       |       |       |   319 |   259 ||   578
       Scimitar          |       |       |       |     4 ||     4
       Unarmed           |       |       |       |     5 ||     5
Throw: Tomahawk          |       |       |     4 |    18 ||    22
Invok: Lesser Servant of |       |       |       |     5 ||     5
 Abil: Heal Wounds       |       |     3 |     6 |    13 ||    22
Evoke: Wand              |       |       |       |     3 ||     3
  Use: Scroll            |     8 |     2 |     5 |     6 ||    21
       Potion            |       |     1 |       |     1 ||     2
 Stab: Sleeping          |     6 |     1 |    11 |     8 ||    26
       Distracted        |       |     1 |     1 |     2 ||     4
       Petrified         |       |       |       |     4 ||     4
  Eat: Chunk             |     2 |     4 |    13 |    12 ||    31
       Fruit             |       |       |     2 |       ||     2
Armor: Robe              |    12 |       |       |       ||    12
       Ring mail         |    31 |    97 |   171 |   189 ||   488
Dodge: Dodged            |   114 |   118 |   282 |   324 ||   838
       Rpst.: Falchion   |    44 |    38 |     7 |       ||    89
       Great sword       |       |       |    67 |    68 ||   135
